 Dungeon Crawl Stone Soup version 0.23.2-32-g37ab1d4649 (webtiles) character file.

Game seed: 15023784376110663905

140 Ivernyr the Shield-Bearer (level 5, -3/28 HPs)
             Began as a Vine Stalker Fighter on June 26, 2019.
             Killed by divine providence
             ... invoked by an orc priest
              (8 damage)
             ... on level 3 of the Dungeon.
             The game lasted 00:07:14 (2138 turns).

Ivernyr the Shield-Bearer (Vine Stalker Fighter)    Turns: 2138, Time: 00:07:15

Health: -3/28      AC:  6    Str: 21    XL:     5   Next: 23%
Magic:  0/6        EV:  7    Int:  8    God:
Gold:   133        SH:  9    Dex: 15    Spells: 4/4 levels left

rFire    . . .     SeeInvis .   a - +0 flail
rCold    . . .     Gourm    .   c - +0 shield
rNeg     . . .     Faith    .   b - +0 scale mail
rPois    .         Spirit   +   (no helmet)
rElec    .         Reflect  .   (no cloak)
rCorr    .         Harm     .   (no gloves)
MR       +....                  (no boots)
Stlth    ..........             (no amulet)
HPRegen  0.49/turn              g - ring of protection from magic
MPRegen  0.10/turn              n - +3 ring of strength

@: no status effects
A: fangs 2, regeneration 1, magic shield, antimagic bite, no potion heal 3, rot
immunity
a: no special abilities


You were on level 3 of the Dungeon.
You were not hungry.

You visited 1 branch of the dungeon, and saw 3 of its levels.

You collected 133 gold pieces.

Inventory:

Hand Weapons
 a - a +0 flail (weapon)
Armour
 b - a +0 scale mail (worn)
 c - a +0 shield (worn)
Jewellery
 g - a ring of protection from magic (left hand)
 j - an uncursed ring of protection from cold
 n - a +3 ring of strength (right hand)
Scrolls
 e - 2 scrolls of enchant weapon {unknown}
 h - a scroll of enchant armour {unknown}
 i - a scroll of immolation {unknown}
 l - 3 scrolls of identify {unknown}
 m - 2 scrolls of remove curse
 p - a scroll of teleportation {unknown}
 q - 2 scrolls of fear {unknown}
 r - a scroll of magic mapping {unknown}
 t - a scroll of blinking {unknown}
 v - 2 scrolls of fog {unknown}
Potions
 d - 2 potions of might
 k - a potion of curing
 o - a potion of heal wounds {unknown}
 s - a potion of agility {unknown}
 u - a potion of mutation {unknown}
Comestibles
 f - 2 rations


   Skills:
 + Level 3.4 Fighting
 + Level 2.7 Maces & Flails
 + Level 3.1 Armour
 + Level 3.5 Shields


You had 4 spell levels left.
You didn't know any spells.
Your spell library contained the following spells:

 Spells                   Type           Power        Failure   Level  Hunger
 Animate Skeleton         Necr           N/A          99%         1    ##.....
 Apportation              Tloc           #.....       99%         1    ##.....
 Confusing Touch          Hex            #.....       99%         1    ##.....
 Summon Small Mammal      Summ           #...         99%         1    ##.....


Dungeon Overview and Level Annotations

Branches:
Dungeon (3/15)

Altars:
Makhleb


Innate Abilities, Weirdness & Mutations

You have extremely sharp teeth.
Your natural rate of healing is unusually fast.
When hurt, damage is shared between your health and your magic reserves.
Your bite disrupts and absorbs the magic of your enemies.
Potions cannot restore your health.
You are immune to rotting.


Message History

The orc hits you but does no damage. The orc hits you but does no damage.
Things that are here:
a +0 hand axe; a +0 chain mail; an orc corpse You hit the orc.
You bite the orc.
You kill the orc!
The orc priest calls down the wrath of Beogh upon you.
Beogh smites you!
* * * LOW HITPOINT WARNING * * *
The giant cockroach barely misses you.
The orc priest mumbles some strange prayers to Beogh against you.
Beogh smites you!
* * * LOW HITPOINT WARNING * * *
The giant cockroach bites you but does no damage.
The giant cockroach bites you but does no damage.
Things that are here:
a +0 club; a +0 hunting sling The orc priest calls down the wrath of Beogh upon you.
Beogh smites you!
You die...

.......#........
.##....#........
.##.####o....... #########
###.....s....... #.......#
#o############ #.......# #o#
#.......# #.# ##########
#.......#
#)###........######.......##
#>).....o.o..s@...'........#
#####........######........#
########## #..†.....##
#.........# #####
#.......#.# ....#
#########.###
....############# #.....
....#.....##....########
#.#.##
.......................#
#†#.#


You could see 2 orc priests and a giant cockroach.

Vanquished Creatures
  Jessica (D:3)
  Ijyb (D:3)
  3 adders (D:2)
  An ooze (D:2)
  A dart slug (D:1)
  3 leopard geckos
  2 orcs (D:3)
  4 giant cockroaches
  9 goblins
  6 hobgoblins
  A quokka (D:3)
  3 bats (D:1)
  2 frilled lizards
  6 kobolds
  A quokka zombie (D:3)
  7 rats
51 creatures vanquished.

Notes
Turn   | Place    | Note
-------+----------+-------------------------------------------
     0 | D:1      | Ivernyr the Vine Stalker Fighter began the quest for the
                  | Orb.
     0 | D:1      | Reached XP level 1. HP: 11/11 MP: 2/2
   154 | D:1      | Reached XP level 2. HP: 11/16 MP: 3/3
  1118 | D:1      | Reached XP level 3. HP: 17/20 MP: 4/4
  1557 | D:2      | Gained mutation: Your natural rate of healing is unusually
                  | fast. [Vine Stalker growth]
  1557 | D:2      | Reached XP level 4. HP: 24/24 MP: 5/5
  1649 | D:2      | Found a burning altar of Makhleb.
  1649 | D:2      | Noticed an Executioner
  1968 | D:3      | Noticed Jessica
  1973 | D:3      | Killed Jessica
  2087 | D:3      | Noticed Ijyb
  2097 | D:3      | Killed Ijyb
  2097 | D:3      | Reached XP level 5. HP: 28/28 MP: 6/6
  2129 | D:3      | HP: 1/28 [orc priest/divine providence (7)]
  2138 | D:3      | Killed from afar by an orc priest

Skill      XL: |  1  2  3  4 |
---------------+-------------+-----
Maces & Flails | 2 |  2.7
Fighting       | 3 |  3.4
Shields        | 3 |  3.5
Armour         | 3 |  3.1

Action                   |  1- 3 |  4- 6 || total
-------------------------+-------+-------++-------
Melee: Flail             |    85 |    49 ||   134
       Bite              |    17 |    23 ||    40
  Use: Potion            |     1 |       ||     1
       Scroll            |       |     1 ||     1
  Eat: Chunk             |     2 |     2 ||     4
Armor: Scale mail        |    44 |    15 ||    59
Dodge: Dodged            |    39 |    11 ||    50
Block: Shield            |    48 |    27 ||    75
